 Dungeon Crawl Stone Soup version 0.27.1-2-g3b301248ec (webtiles) character file.

Game seed: 2786130771776555535

1795 MisterFreud the Shield-Bearer (level 9, -2/73 HPs)
             Began as a Gnoll Fighter on Oct 2, 2021.
             Was a Priest of Elyvilon.
             Slain by Neebert's ghost (5 damage)
             ... on level 6 of the Dungeon.
             The game lasted 00:06:44 (5553 turns).

MisterFreud the Shield-Bearer (Gnoll Fighter)       Turns: 5553, Time: 00:06:44

Health: -2/73      AC: 18    Str: 15    XL:     9   Next: 9%
Magic:  13/14      EV:  6    Int: 10    God:    Elyvilon [***...]
Gold:   338        SH: 15    Dex: 13    Spells: 15/15 levels left

rFire    . . .     SeeInvis .   g - +4 whip (distort)
rCold    . . .     Faith    .   c - +0 kite shield
rNeg     + . .     Spirit   .   v - +2 chain mail {rN+}
rPois    .         Reflect  +   (no helmet)
rElec    .         Harm     .   f - +2 cloak
rCorr    .         Rampage  .   n - +0 pair of gloves
Will     .....                  h - +0 pair of boots
Stlth    ..........             i - amulet of reflection
HPRegen  0.22/turn              (no ring)
MPRegen  0.14/turn              (no ring)

@: no status effects
A: fangs 1, strong nose, distributed training
a: Renounce Religion, Lesser Healing, Heal Other, Purification, Divine
Protection


You were on level 6 of the Dungeon.
You worshipped Elyvilon.
Elyvilon was most pleased with you.
You visited 1 branch of the dungeon, and saw 6 of its levels.

You collected 338 gold pieces.

Inventory:

Hand Weapons
 a - a +0 rapier
 g - a +4 whip of distortion (weapon)
 z - the +4 whip of Parts Unknown {holy, Stlth+}
   (You found it on level 5 of the Dungeon)

   It has been blessed by the Shining One to cause great damage to the undead
   and demons.
   Stlth:     It makes you more stealthy.
Missiles
 q - 11 poisoned darts (quivered)
 t - 3 boomerangs
 x - 8 silver boomerangs
Armour
 b - a +0 scale mail
 c - a +0 kite shield (worn)
 f - a +2 cloak (worn)
 h - a +0 pair of boots (worn)
 n - a +0 pair of gloves (worn)
 v - a +2 chain mail of positive energy (worn)
Jewellery
 i - an amulet of reflection (around neck)
 y - a ring of willpower
Wands
 o - a wand of flame (24)
 B - a wand of mindburst (8)
Scrolls
 e - 4 scrolls of identify {unknown}
 k - 2 scrolls of fear {unknown}
 m - a scroll of magic mapping {unknown}
 u - a scroll of fog {unknown}
 C - a scroll of noise {unknown}
Potions
 d - 2 potions of might
 j - a potion of berserk rage {unknown}
 l - a potion of lignification {unknown}
 p - a potion of haste {unknown}
 r - a potion of invisibility {unknown}
 s - 3 potions of brilliance {unknown}
 w - 2 potions of mutation {unknown}
 A - a potion of cancellation {unknown}
 D - 2 potions of attraction {unknown}
 E - a potion of curing {unknown}


   Skills:
 + Level 7.7 Fighting
 + Level 6.1 Short Blades
 + Level 3.9 Long Blades
 + Level 3.9 Axes
 + Level 3.9 Maces & Flails
 + Level 3.9 Polearms
 + Level 3.9 Staves
 + Level 3.9 Slings
 + Level 3.9 Bows
 + Level 3.9 Crossbows
 + Level 3.9 Throwing
 + Level 7.7 Armour
 + Level 3.9 Dodging
 + Level 3.9 Stealth
 + Level 7.7 Shields
 + Level 3.9 Unarmed Combat
 + Level 3.9 Spellcasting
 + Level 3.2 Conjurations
 + Level 3.2 Hexes
 + Level 3.2 Summonings
 + Level 3.2 Necromancy
 + Level 3.2 Translocations
 + Level 3.2 Transmutations
 + Level 3.2 Fire Magic
 + Level 3.2 Ice Magic
 + Level 3.2 Air Magic
 + Level 3.2 Earth Magic
 + Level 3.2 Poison Magic
 + Level 4.3 Invocations
 + Level 3.9 Evocations


You had 15 spell levels left.
You didn't know any spells.
Your spell library was empty.

Dungeon Overview and Level Annotations

Branches:
Dungeon (6/15)             Temple (0/1) D:5

Altars:
Elyvilon
Fedhas
Gozag
Hepliaklqana
Kikubaaqudgha
Nemelex Xobeh
Qazlal
Sif Muna
Uskayaw
Xom
Yredelemnul
Beogh

Shops:
D:5 (

Annotations:
D:6 Neebert's ghost, novice FoMo


Innate Abilities, Weirdness & Mutations

You have very sharp teeth.
Your uncanny sense of smell can sniff out nearby items.
Your experience applies equally to all skills.


Message History

You block the orc's attack.
You hit the orc.
You kill the orc!
Okay, then.
You hit Neebert's ghost but do no damage.
You bite Neebert's ghost, but do no damage.
Neebert's ghost hits you. Neebert's ghost freezes you.
You hit Neebert's ghost.
Space bends around Neebert's ghost.
Neebert's ghost is lightly damaged.
Neebert's ghost hits you. Neebert's ghost freezes you.
You completely miss Neebert's ghost.
You bite Neebert's ghost, but do no damage.
Neebert's ghost is lightly damaged.
Neebert's ghost hits you but does no damage.
You hit Neebert's ghost.
Space bends around Neebert's ghost.
Your bite misses Neebert's ghost.
Neebert's ghost is lightly damaged.
You block Neebert's ghost's attack.
The warg howls!
You whack Neebert's ghost!
Space warps horribly around Neebert's ghost!
Neebert's ghost is heavily damaged.
Neebert's ghost hits you but does no damage.
You hit Neebert's ghost.
Neebert's ghost is heavily damaged.
Neebert's ghost hits you.
* * * LOW HITPOINT WARNING * * *
Neebert's ghost freezes you.
* * * LOW HITPOINT WARNING * * *
You closely miss Neebert's ghost.
Neebert's ghost is heavily damaged.
Neebert's ghost hits you.
* * * LOW HITPOINT WARNING * * *
Neebert's ghost freezes you.
* * * LOW HITPOINT WARNING * * *
Unknown command.
You are healed.
Neebert's ghost hits you!
* * * LOW HITPOINT WARNING * * *
Neebert's ghost freezes you.
You die...

#..# #.# #. #..#
#.# ######.
#####..# #.#
#...... .......#
#.# #######
.#####.#####.#####
#8...)[_.....
.#####..ho..o..ho#
#............
.............###o#
#.#8#..8.o#8#
.#####..###### #W#
#.###.ooo.###
........# #@#
#....#####...
.######.# #)#
#............ .#
#.# #.#
#######'''#### .#
#.# #.#
#8....oW...... .##
#.# #)#
#.....o.o...## ..#
#.#
#.###.#####.#.###
..# #.#
#...o..o...###.#
..# #.#
#####.#####.#.##
..# #.# #.# ##.##


You could see a warg, Neebert's ghost and 2 orcs.

Vanquished Creatures
  A sky beast (D:6)
  An orc warrior (D:6)
  2 black bears (D:6)
  2 ogres
  Blork the orc (D:6)
  A wyvern zombie (D:6)
  2 scorpions
  A water moccasin skeleton (D:6)
  A bullfrog zombie (D:5)
  2 jellies (D:6)
  3 orc priests
  A hound (D:5)
  4 bullfrog skeletons
  Ijyb (D:5)
  Terence (D:2)
  Natasha (thrice) (D:2)
  3 orc wizards
  2 adders
  7 gnolls (D:5)
  2 shadow imps
  A worm (D:4)
  A dart slug (D:3)
  22 orcs
  6 ball pythons
  3 endoplasms
  3 giant cockroaches
  34 goblins
  24 hobgoblins
  5 jackals (D:1)
  10 kobolds
  4 quokkas
  9 bats
  9 frilled lizards
  5 rats
177 creatures vanquished.

Vanquished Creatures (others)
  A plant (D:4)
1 creature vanquished.

Grand Total: 178 creatures vanquished

Notes
Turn   | Place    | Note
-------+----------+-------------------------------------------
     0 | D:1      | MisterFreud the Gnoll Fighter began the quest for the Orb.
     0 | D:1      | Reached XP level 1. HP: 23/23 MP: 1/1
    82 | D:1      | Reached XP level 2. HP: 27/29 MP: 2/2
   355 | D:1      | Reached XP level 3. HP: 35/35 MP: 3/3
   513 | D:2      | Noticed Natasha
   519 | D:2      | Killed Natasha
   520 | D:2      | Reached skill level 1 in Long Blades
   520 | D:2      | Reached skill level 1 in Axes
   520 | D:2      | Reached skill level 1 in Maces & Flails
   520 | D:2      | Reached skill level 1 in Polearms
   520 | D:2      | Reached skill level 1 in Staves
   520 | D:2      | Reached skill level 1 in Slings
   520 | D:2      | Reached skill level 1 in Bows
   520 | D:2      | Reached skill level 1 in Crossbows
   520 | D:2      | Reached skill level 1 in Throwing
   520 | D:2      | Reached skill level 1 in Dodging
   520 | D:2      | Reached skill level 1 in Stealth
   520 | D:2      | Reached skill level 1 in Unarmed Combat
   520 | D:2      | Reached skill level 1 in Spellcasting
   520 | D:2      | Reached skill level 1 in Invocations
   520 | D:2      | Reached skill level 1 in Evocations
   578 | D:2      | Noticed Terence
   578 | D:2      | Noticed Natasha
   583 | D:2      | Killed Natasha
   584 | D:2      | Reached XP level 4. HP: 40/41 MP: 5/5
   594 | D:2      | Killed Terence
   595 | D:2      | Reached skill level 1 in Conjurations
   595 | D:2      | Reached skill level 1 in Hexes
   595 | D:2      | Reached skill level 1 in Summonings
   595 | D:2      | Reached skill level 1 in Necromancy
   595 | D:2      | Reached skill level 1 in Translocations
   595 | D:2      | Reached skill level 1 in Transmutations
   595 | D:2      | Reached skill level 1 in Fire Magic
   595 | D:2      | Reached skill level 1 in Ice Magic
   595 | D:2      | Reached skill level 1 in Air Magic
   595 | D:2      | Reached skill level 1 in Earth Magic
   595 | D:2      | Reached skill level 1 in Poison Magic
   655 | D:2      | Found a faded altar of an unknown god.
   685 | D:2      | Became a worshipper of Elyvilon the Healer
   685 | D:2      | Reached * piety under Elyvilon
   742 | D:2      | Reached XP level 5. HP: 38/47 MP: 6/6
  1051 | D:2      | Noticed Natasha
  1055 | D:2      | Killed Natasha
  1277 | D:3      | Reached ** piety under Elyvilon
  1496 | D:3      | Reached XP level 6. HP: 53/53 MP: 8/8
  1822 | D:3      | Found an ancient bone altar of Kikubaaqudgha.
  1830 | D:3      | Found a blossoming altar of Fedhas.
  2267 | D:4      | Reached skill level 5 in Short Blades
  2338 | D:4      | Reached *** piety under Elyvilon
  2745 | D:4      | Found a shimmering blue altar of Sif Muna.
  2824 | D:4      | Found a basalt altar of Yredelemnul.
  2824 | D:4      | Found a white marble altar of Elyvilon.
  2832 | D:4      | Found a hazy altar of Hepliaklqana.
  2834 | D:4      | Found a hide-covered altar of Uskayaw.
  2836 | D:4      | Found a sparkling altar of Nemelex Xobeh.
  2958 | D:5      | Entered Level 5 of the Dungeon
  3016 | D:5      | Found an opulent altar of Gozag.
  3026 | D:5      | Reached XP level 7. HP: 28/60 MP: 10/10
  3232 | D:5      | Found a staircase to the Ecumenical Temple.
  3249 | D:5      | Found Woceex's Weapon Boutique.
  3493 | D:5      | Noticed a wraith
  3565 | D:5      | Identified the +4 whip of Parts Unknown {holy, Stlth+}
  3592 | D:5      | Noticed Ijyb
  3598 | D:5      | Killed Ijyb
  4275 | D:5      | Reached XP level 8. HP: 63/67 MP: 12/12
  4707 | D:6      | Found a shimmering altar of Xom.
  4795 | D:6      | Found a runed translucent gate.
  4795 | D:6      | Found a runed translucent gate.
  4795 | D:6      | Noticed Neebert's ghost (novice FoMo)
  4798 | D:6      | Noticed Blork the orc
  4806 | D:6      | Killed Blork the orc
  5158 | D:6      | Reached XP level 9. HP: 70/72 MP: 14/14
  5333 | D:6      | Found a stormy altar of Qazlal.
  5482 | D:6      | Found a runed translucent gate.
  5553 | D:6      | HP: 3/73 [Neebert's ghost (14)]
  5553 | D:6      | Slain by Neebert's ghost

Illustrated notes

Levels and vault maps discovered:
D:1:      minmay_arrival_up_and_down, layout_rooms
D:2:      layout_rooms, hellmonk_ecumenical_altar_arch_garden, uniq_natasha,
          uniq_terence
D:3:      layout_basic, grunt_temple_overflow_growth_and_decay, serial_curves,
          eino_curves_04, eino_curves_02, minivault_27,
          corexii_item_surrounded_by_moat
D:4:      layout_loops_ring, chequers_temple_overflow_minitemple,
          mainiacjoe_overflow_cross_hatched
D:5:      minmay_goblin_kobold_castle, layout_basic, lemuel_tele_altar,
          temple_pool_b, serial_shops, nicolae_lakefront_shop, minivault_14,
          lightli_corner_chamber, uniq_ijyb
D:6:      layout_loops_ring, biasface_ghost_orc_armoury,
          hangedman_feature_mirror, chequers_serial_rivers_small_3,
          uniq_blork_the_orc

Skill      XL: |  1  2  3  4  5  6  7  8 |
---------------+-------------------------+-----
Long Blades    | 1 2 3 |  3.9
Axes           | 1 2 3 |  3.9
Maces & Flails | 1 2 3 |  3.9
Polearms       | 1 2 3 |  3.9
Staves         | 1 2 3 |  3.9
Slings         | 1 2 3 |  3.9
Bows           | 1 2 3 |  3.9
Crossbows      | 1 2 3 |  3.9
Throwing       | 1 2 3 |  3.9
Dodging        | 1 2 3 |  3.9
Stealth        | 1 2 3 |  3.9
Unarmed Combat | 1 2 3 |  3.9
Spellcasting   | 1 2 3 |  3.9
Invocations    | 1 2 3 4 |  4.3
Evocations     | 1 2 3 |  3.9
Conjurations   | 1 2 3 |  3.2
Hexes          | 1 2 3 |  3.2
Summonings     | 1 2 3 |  3.2
Necromancy     | 1 2 3 |  3.2
Translocations | 1 2 3 |  3.2
Transmutations | 1 2 3 |  3.2
Fire Magic     | 1 2 3 |  3.2
Ice Magic      | 1 2 3 |  3.2
Air Magic      | 1 2 3 |  3.2
Earth Magic    | 1 2 3 |  3.2
Poison Magic   | 1 2 3 |  3.2
Short Blades   | 5 6 |  6.1
Fighting       | 7 |  7.7
Armour         | 7 |  7.7
Shields        | 7 |  7.7

Action                   |  1- 3 |  4- 6 |  7- 9 || total
-------------------------+-------+-------+-------++-------
Melee: Rapier            |    67 |       |       ||    67
       Bite              |    10 |     9 |    18 ||    37
       Whip              |    19 |   124 |   234 ||   377
Throw: Dart              |       |       |     2 ||     2
Invok: Lesser Healing    |       |       |     1 ||     1
Armor: Scale mail        |    52 |    26 |       ||    78
       Chain mail        |       |    25 |   110 ||   135
Dodge: Dodged            |    25 |    25 |    46 ||    96
Block: Kite shield       |    64 |   103 |   211 ||   378
       Reflection        |     1 |     7 |    18 ||    26
